 Dungeon Crawl Stone Soup version 0.28-a0-751-gef3a642a4e (webtiles) character file.

Game seed: 910205596226628521

8 flotson the Sneak (level 2, 0/24 HPs)
             Began as a Demonspawn Delver on Oct 30, 2021.
             Slain by a jackal (2 damage)
             ... on level 2 of the Dungeon.
             The game lasted 00:03:07 (476 turns).

flotson the Sneak (Demonspawn Delver)                Turns: 476, Time: 00:03:07

Health: 0/24       AC:  8    Str: 12    XL:     2   Next: 0%
Magic:  2/2        EV:  5    Int: 11    God:
Gold:   0          SH:  0    Dex: 14    Spells: 1/1 levels left

rFire   . . .      SeeInvis .   a - +0 hand axe
rCold   . . .      Faith    .   (no shield)
rNeg    . . .      Spirit   .   h - +0 chain mail
rPois   .          Reflect  .   (helmet restricted)
rElec   .          Harm     .   (no cloak)
rCorr   .          Rampage  .   (no gloves)
Will    .....                   (no boots)
Stlth   ..........              (no amulet)
HPRegen 0.08/turn               (no ring)
MPRegen 0.08/turn               (no ring)

@: no status effects
A: horns 1
a: no special abilities


You were on level 2 of the Dungeon.
You visited 1 branch of the dungeon, and saw 4 of its levels.

Inventory:

Hand Weapons
 a - a +0 hand axe (weapon)
 b - the +9 hunting sling "Muik" {vorpal, Int+2}
   (You found it on level 5 of the Dungeon)

   Any ammunition fired from it inflicts extra damage upon your enemies.
   Int:       It affects your intelligence (+2).
Armour
 h - a +0 chain mail (worn)
Wands
 g - a wand of digging (1)
Scrolls
 c - a scroll of fog


   Skills:
 + Level 3.1 Fighting
 - Level 1.7 Axes
 + Level 0.7 Armour
 + Level 2.0 Dodging
 - Level 4.5 Stealth


You had one spell level left.
You didn't know any spells.
Your spell library was empty.

Dungeon Overview and Level Annotations

Branches:
Dungeon (5/15)
 Temple: D:4-7

Altars:


Innate Abilities, Weirdness & Mutations

You have a pair of small horns on your head.


Message History

You closely miss the jackal. The jackal bites you.
* * * LOW HITPOINT WARNING * * *
The jackal completely misses you.
You closely miss the jackal.
The jackal is severely wounded.
You hit the jackal.
The jackal bites you but does no damage. x4
You hit the jackal.
The jackal is almost dead.
You barely miss the jackal. The jackal closely misses you. x2
The jackal bites you.
* * * LOW HITPOINT WARNING * * *
The jackal barely misses you.
You slash the jackal!
You kill the jackal!
You barely miss the jackal.
The jackal bites you but does no damage. x2
You have reached level 2!
Your demonic ancestry asserts itself...
A pair of horns grows on your head!
You closely miss the jackal.
The jackal is heavily wounded.
The jackal bites you but does no damage.
You hit the jackal.
You headbutt the jackal, but do no damage.
The jackal is severely wounded.
The jackal barely misses you.
The jackal bites you but does no damage.
You miss the jackal.
The jackal is severely wounded.
The jackal bites you.
* * * LOW HITPOINT WARNING * * *
The jackal bites you but does no damage.
You closely miss the jackal.
The jackal is severely wounded.
The jackal bites you but does no damage.
You hit the jackal but do no damage.
The jackal is severely wounded.
The jackal barely misses you. The jackal bites you.
You die...

#.......#
#.......#
#......?#
#.......########
#...............
########...)....
#....$...
###h....(..
#)@†.......
#..........
#....#####.
######


You could see a jackal.

Vanquished Creatures
  A dart slug (D:3)
  A hobgoblin (D:3)
  3 jackals (D:2)
5 creatures vanquished.

Notes
Turn   | Place    | Note
-------+----------+-------------------------------------------
     0 | D:5      | flotson the Demonspawn Delver began the quest for the Orb.
     0 | D:5      | Reached XP level 1. HP: 18/18 MP: 1/1
    31 | D:5      | Identified the +9 hunting sling "Muik" {vorpal, Int+2}
    51 | D:5      | Noticed a scorpion
    67 | D:5      | Noticed an ogre
    81 | D:4      | Noticed a wyvern
    86 | D:4      | Noticed an ogre
    89 | D:4      | Noticed a black bear
   472 | D:2      | Gained mutation: You have a pair of small horns on your
                  | head. [demonic ancestry]
   472 | D:2      | Reached XP level 2. HP: 4/24 MP: 2/2
   476 | D:2      | Slain by a jackal

Illustrated notes

Levels and vault maps discovered:
D:2:      layout_basic, kennysheep_generic_room_16, uniq_robin
D:3:      layout_basic, mainiacjoe_overflow_cross_hatched,
          mainiacjoe_overflow_six_doors_small, gammafunk_temple_overflow_wave
D:4:      layout_cave_pools, trog_wizard, ashenzari_altar_1,
          minmay_temple_entry_waves, uniq_eustachio
D:5:      kennysheep_big_flooded_room, layout_loops_ring,
          makhleb_blood_cavern_becter, lemuel_round_altar,
          minmay_misc_feat_roman, wad_woods_river_04, uniq_blork_the_orc

Skill      XL: |  1 |
---------------+----+-----
Dodging        | 2 |  2.0
Fighting       | |  3.1
Axes           | |  1.7
Armour         | |  0.7
Stealth        | |  4.5

Action                   || total
-------------------------++-------
Melee: Hand axe          ||    24
       Headbutt          ||     1
Evoke: Wand              ||     2
  Use: Scroll            ||     3
       Potion            ||     1
Armor: Chain mail        ||    33
Dodge: Dodged            ||    22

Table legend: (Time is in decaauts)
 A = Elapsed time spent in this place.
 B = Non-inter-level travel time spent in this place.
 C = Inter-level travel time spent in this place.
 D = Time resting spent in this place.
 E = Time spent auto-exploring this place.
 F = Levels seen in this place.
 G = Mean time per level.
                   A        B        C        D        E       F      G
               +--------+--------+--------+--------+--------+-----+--------+
         Total |    466 |    466 |      0 |      0 |    178 |   4 |  116.5 |
       Dungeon |    466 |    466 |      0 |      0 |    178 |   4 |  116.5 |
               +--------+--------+--------+--------+--------+-----+--------+

Top non-repeatable levels by time:
     D:3: 191 daAuts
     D:2: 183 daAuts
     D:5: 78 daAuts
     D:4: 12 daAuts
